 Dungeon Crawl Stone Soup version 0.27-a0-93-g19769c27d7 (webtiles) character file.

Game seed: 10027926927691506316

47728 Buhirmon the Bludgeoner (level 14, 0/126 HPs)
             Began as a Minotaur Fighter on Jan 16, 2021.
             Was a High Priest of Okawaru.
             Slain by an eight-headed hydra (1 damage)
             ... while petrified by a basilisk
             ... on level 6 of the Lair of Beasts.
             The game lasted 01:22:17 (21107 turns).

Buhirmon the Bludgeoner (Minotaur Fighter)         Turns: 21107, Time: 01:22:17

Health: 0/126      AC: 21    Str: 24    XL:     14   Next: 9%
Magic:  19/19      EV:  2    Int:  3    God:    Okawaru [*****.]
Gold:   1015       SH:  0    Dex: 18    Spells: 13/13 levels left

rFire    x . .     SeeInvis .   e - +0 great mace (freeze)
rCold    + . .     Faith    .   (shield currently unavailable)
rNeg     + + +     Spirit   .   c - +5 chain mail of Darkness {rN+ Slay+3}
rPois    ∞         Reflect  .   (helmet restricted)
rElec    .         Harm     .   S - +0 cloak
rCorr    +         Rampage  .   (no gloves)
Will     +....                  T - +1 pair of boots of Cocytus {Str+5 Dex-2}
Stlth    ..........             z - amulet of Rorankei {RegenMP rN++ Str-5 Int-2 Dex+8}
HPRegen  0.31/turn              M - ring of resist corrosion
MPRegen  0.41/turn              V - ring of ice

@: petrified
A: retaliatory headbutt, horns 2
a: Renounce Religion, Heroism, Finesse


You were on level 6 of the Lair of Beasts.
You worshipped Okawaru.
Okawaru was extremely pleased with you.
You visited 3 branches of the dungeon, and saw 16 of its levels.
You also visited: Ice Cave.

You collected 1015 gold pieces.

Inventory:

Hand Weapons
 e - a +0 great mace of freezing (weapon)
 x - a +2 flail of holy wrath
 P - the +6 arbalest of Infinite Pain {elec, Dex+4}
   (Okawaru gifted it to you on level 1 of the Lair of Beasts)

   It charges the ammunition it shoots with electricity; occasionally upon a
   hit, such missiles may discharge and cause terrible harm.
   It affects your dexterity (+4).
Missiles
 i - 11 boomerangs (quivered)
 m - 7 boomerangs of dispersal
 G - 27 poisoned darts
 I - 6 atropa-tipped darts
 R - 18 bolts
 W - 6 javelins
Armour
 c - the +5 chain mail of Darkness (worn) {rN+ Slay+3}
   (You found it on level 4 of the Lair of Beasts)

   It affects your accuracy and damage with ranged weapons and melee attacks
   (+3).
   It protects you from negative energy.
 n - a +2 pair of boots
 q - a +1 plate armour
 S - a +0 cloak (worn)
 T - the +1 pair of boots of Cocytus (worn) {Str+5 Dex-2}
   (Okawaru gifted it to you in an ice cave)

   It affects your strength (+5).
   It affects your dexterity (-2).
Jewellery
 k - an uncursed ring of stealth
 w - an uncursed ring of positive energy
 z - the amulet of Rorankei (around neck) {RegenMP rN++ Str-5 Int-2 Dex+8}
   (You took it off a wight on level 9 of the Dungeon)

   [amulet of magic regeneration]

   It increases your magic regeneration.
   It affects your strength (-5).
   It affects your intelligence (-2).
   It affects your dexterity (+8).
   It greatly protects you from negative energy.
 C - an uncursed ring of positive energy
 M - a ring of resist corrosion (left hand)
 V - a ring of ice (right hand)
Wands
 a - a wand of polymorph (6)
 g - a wand of digging (14)
 F - a wand of flame (44)
 J - a wand of paralysis (34)
 X - a wand of acid (15)
 Y - a wand of iceblast (9)
Scrolls
 f - 4 scrolls of enchant armour
 l - 4 scrolls of teleportation
 o - 2 scrolls of immolation
 p - 3 scrolls of enchant weapon
 t - 2 scrolls of amnesia
 y - 3 scrolls of vulnerability
 D - 3 scrolls of fog
 H - a scroll of identify
 N - a scroll of remove curse
Potions
 b - 4 potions of cancellation
 d - 3 potions of might
 h - 10 potions of curing
 j - 4 potions of magic
 r - 4 potions of resistance
 s - 4 potions of heal wounds
 u - 8 potions of haste
 v - 4 potions of mutation
 A - a potion of invisibility
 B - a potion of lignification
 E - a potion of berserk rage
 O - 3 potions of attraction
 Q - a potion of ambrosia
 Z - 2 potions of brilliance
Miscellaneous
 L - a phial of floods
 U - a condenser vane


   Skills:
 + Level 12.2 Fighting
 * Level 15.9 Maces & Flails
 + Level 3.9 Crossbows
 - Level 7.4 Throwing
 + Level 12.3 Armour
 + Level 10.7 Dodging
 - Level 3.6 Shields
 + Level 8.1 Invocations


You had 13 spell levels left.
You didn't know any spells.
Your spell library contained the following spells:

 Spells                   Type           Power        Failure   Level
 Animate Skeleton         Necr           0%           96%         1
 Apportation              Tloc           0%           96%         1
 Corona                   Hex            0%           96%         1
 Freeze                   Ice            0%           96%         1
 Pain                     Necr           0%           96%         1
 Summon Small Mammal      Summ           0%           96%         1
 Call Imp                 Summ           0%           99%         2
 Call Canine Familiar     Summ           0%           100%        3
 Frozen Ramparts          Ice            0%           100%        3
 Lesser Beckoning         Tloc           0%           100%        3
 Ozocubu's Armour         Ice            0%           100%        3
 Summon Guardian Golem    Hex/Summ       0%           100%        3
 Tukima's Dance           Hex            0%           100%        3
 Vampiric Draining        Necr           0%           100%        3
 Animate Dead             Necr           0%           100%        4
 Hailstorm                Conj/Ice       0%           100%        4
 Summon Ice Beast         Ice/Summ       0%           100%        4
 Summon Lightning Spire   Summ/Air       0%           100%        4
 Agony                    Necr           0%           100%        5
 Alistair's Intoxication  Tmut/Pois      0%           100%        5
 Invisibility             Hex            0%           100%        6


Dungeon Overview and Level Annotations

Branches:
Dungeon (9/15)             Temple (1/1) D:5            Lair (6/6) D:9
 Shoals (0/4) Lair:2        Snake (0/4) Lair:2          Orc (0/2) D:9
  IceCv (visited)
  Slime: Lair:5-6

Altars:
Ashenzari
Cheibriados
Dithmenos
Elyvilon
Fedhas
Gozag
Hepliaklqana
Kikubaaqudgha
Makhleb
Nemelex Xobeh
Okawaru
Qazlal
Ru
Sif Muna
Trog
Uskayaw
Vehumet
Wu Jian
Yredelemnul
Zin
The Shining One

Shops:
D:6 :

Annotations:
Lair:2 3 runed translucent doors, Pebbatt's ghost, journeyman DDFi


Innate Abilities, Weirdness & Mutations

You reflexively headbutt those who attack you in melee.
You have a pair of horns on your head.


Message History

The eight-headed hydra barely misses you.
The eight-headed hydra bites you.
* * * LOW HITPOINT WARNING * * *
The eight-headed hydra bites you but does no damage. x3
The eight-headed hydra bites you!
* * * LOW HITPOINT WARNING * * *
The eight-headed hydra bites you but does no damage.
The eight-headed hydra bites you.
* * * LOW HITPOINT WARNING * * *
The yak gores the plant!
The hell rat bites the plant.
A nearby plant withers and dies.
The blink frog blinks! x2; The yak gores you!
* * * LOW HITPOINT WARNING * * *
The yak gores you but does no damage.
The blink frog blinks!
The hell rat barely misses you. The yak gores you but does no damage.
The cane toad stings you.
* * * LOW HITPOINT WARNING * * *
The yak gores you!
* * * LOW HITPOINT WARNING * * *
The eight-headed hydra bites you.
You die...

..........P......
..#.PP...#.P.#....
P#....#.P.P....#..
$.........P.......
.........P...P....
..................
.....rYDY.P...#...
.....YY@Fl........
.#.P.rrFYY........
.....rSYSF........
...F.rY.§.........
......r#..........
.............!....P
.P###.§..F##....#.P
..P.#...##.P..#..#.
..(...............


You could see an eight-headed hydra, 8 yaks, a cane toad, a basilisk, 4 blink
frogs, 2 water moccasins and 6 hell rats.

Vanquished Creatures
  A frost giant (IceCv)
  2 entropy weavers
  Josephine (Lair:5)
  5 hydras
  A queen ant (Lair:5)
  4 death yaks
  10 elephants (Lair:4)
  8 black mambas
  An ice statue (IceCv)
  16 cane toads
  5 torpor snails (Lair:2)
  6 komodo dragons
  2 rime drakes
  A troll (D:9)
  20 polar bears
  Grinder (D:4)
  Prince Ribbit (D:7)
  4 blink frogs (Lair:3)
  49 yaks
  5 wyverns
  5 wraiths
  2 basilisks
  Eustachio (D:4)
  Edmund (D:6)
  A naga (Lair:2)
  14 water moccasins
  2 hell hounds (Lair:1)
  4 soldier ants
  3 ice beasts
  6 orc warriors
  A sky beast (D:7)
  4 phantoms
  2 centaurs
  3 ogres
  19 wolves
  A gnoll sergeant (D:8)
  9 bullfrogs
  9 wights
  A howler monkey (D:9)
  2 bullfrog zombies
  11 orc priests
  4 hounds
  A bullfrog skeleton (D:4)
  19 orc wizards
  Crazy Yiuf (D:3)
  A centaur skeleton (D:4)
  A jelly (D:8)
  3 iguanas
  Terence (D:2)
  2 hell rats (D:9)
  29 worker ants
  A hound zombie (D:9)
  A howler monkey zombie (D:4)
  A worker ant zombie (D:5)
  Robin (D:2)
  13 gnolls
  A howler monkey skeleton (D:5)
  9 adders
  3 river rats (D:9)
  2 shadow imps
  16 white imps
  An ufetubus (D:9)
  4 oozes
  3 adder skeletons
  5 worms
  2 dart slugs
  5 leopard geckos
  63 orcs
  2 ball pythons
  6 giant cockroaches
  14 goblins
  10 hobgoblins
  8 jackals
  8 quokkas
  9 bats
  3 frilled lizards
  A jackal skeleton (D:4)
  A jackal zombie (D:9)
  4 kobolds
  2 leopard gecko skeletons
  A quokka skeleton (D:4)
  8 rats
  3 rat zombies (D:5)
517 creatures vanquished.

Vanquished Creatures (others)
  25 fungi
  46 plants
71 creatures vanquished.

Grand Total: 588 creatures vanquished

Notes
Turn   | Place    | Note
-------+----------+-------------------------------------------
     0 | D:1      | Buhirmon the Minotaur Fighter began the quest for the Orb.
     0 | D:1      | Reached XP level 1. HP: 19/19 MP: 0/0
   214 | D:1      | Reached XP level 2. HP: 27/27 MP: 1/1
   313 | D:1      | Reached skill level 3 in Maces & Flails
   670 | D:1      | Reached skill level 1 in Dodging
   929 | D:2      | Noticed Terence
   948 | D:2      | Killed Terence
   949 | D:2      | Reached XP level 3. HP: 20/33 MP: 2/2
  1426 | D:2      | Reached XP level 4. HP: 35/40 MP: 3/3
  1810 | D:2      | Reached skill level 4 in Maces & Flails
  2298 | D:2      | Reached XP level 5. HP: 45/47 MP: 4/4
  2328 | D:3      | Noticed Robin
  2358 | D:2      | Killed Robin
  2458 | D:3      | Reached skill level 5 in Maces & Flails
  2513 | D:3      | Found a runed translucent door.
  2514 | D:3      | Noticed Crazy Yiuf
  2519 | D:3      | Paralysed by Crazy Yiuf for 6 turns
  2531 | D:3      | Killed Crazy Yiuf
  2532 | D:3      | Reached XP level 6. HP: 13/52 MP: 1/5
  3327 | D:4      | Reached skill level 5 in Armour
  3346 | D:4      | Noticed Eustachio
  3376 | D:4      | Reached skill level 5 in Fighting
  3404 | D:4      | Killed Eustachio
  3628 | D:4      | Reached skill level 6 in Maces & Flails
  3636 | D:4      | Reached XP level 7. HP: 49/61 MP: 6/6
  3774 | D:4      | Noticed Grinder
  3778 | D:4      | Paralysed by Grinder for 4 turns
  3785 | D:4      | Killed Grinder
  4017 | D:4      | Reached skill level 7 in Maces & Flails
  4043 | D:4      | You fall into a shaft and drop 2 floors!
  4046 | D:6      | Found a shadowy altar of Dithmenos.
  4111 | D:6      | Noticed Edmund
  4124 | D:6      | Killed Edmund
  4125 | D:6      | Reached XP level 8. HP: 66/70 MP: 7/7
  4247 | D:5      | Entered Level 5 of the Dungeon
  4376 | D:4      | Reached skill level 8 in Maces & Flails
  4469 | D:4      | Reached skill level 5 in Dodging
  4858 | D:5      | Reached skill level 9 in Maces & Flails
  4948 | D:5      | Reached XP level 9. HP: 79/79 MP: 8/8
  4952 | D:5      | Found a staircase to the Ecumenical Temple.
  4961 | Temple   | Entered the Ecumenical Temple
  4968 | Temple   | Became a worshipper of Warmaster Okawaru
  5441 | D:5      | Found an ancient bone altar of Kikubaaqudgha.
  5536 | D:6      | Found Ostimmuj's Book Shop.
  5551 | D:6      | Found a snail-covered altar of Cheibriados.
  6028 | D:7      | Found a sparkling altar of Nemelex Xobeh.
  6354 | D:7      | Reached skill level 1 in Throwing
  6385 | D:7      | Noticed Prince Ribbit
  6410 | D:7      | Killed Prince Ribbit
  6410 | D:7      | Reached * piety under Okawaru
  6737 | D:7      | Reached skill level 10 in Maces & Flails
  7280 | D:8      | Found a glowing golden altar of the Shining One.
  7340 | D:7      | HP: 3/81 [white imp/puff of frost (12)]
  7342 | D:7      | HP: 1/81 [white imp/puff of frost (3)]
  7666 | D:8      | Reached skill level 1 in Invocations
  7823 | D:8      | Reached ** piety under Okawaru
  8498 | D:8      | Found a shimmering blue altar of Sif Muna.
  8557 | D:9      | Reached XP level 10. HP: 88/88 MP: 10/10
  8793 | D:9      | Identified the amulet of Rorankei {RegenMP rN++ Str-5 Int-2
                  | Dex+8}
  8987 | D:9      | Found a staircase to the Orcish Mines.
  9059 | D:9      | Reached skill level 11 in Maces & Flails
  9120 | D:9      | Noticed a death yak
  9122 | D:9      | Noticed a death yak
  9132 | D:9      | Noticed a death yak
  9142 | D:9      | Killed a death yak
  9142 | D:9      | Reached *** piety under Okawaru
  9783 | D:9      | Killed a death yak
  9789 | D:9      | Killed a death yak
 10074 | D:9      | Found a staircase to the Lair.
 10130 | D:9      | Reached **** piety under Okawaru
 10562 | Lair:1   | Entered Level 1 of the Lair of Beasts
 10562 | Lair:1   | Noticed a cane toad
 10573 | D:9      | Killed a cane toad
 10854 | Lair:1   | Reached skill level 12 in Maces & Flails
 10964 | Lair:1   | Noticed a cane toad
 10971 | Lair:1   | Killed a cane toad
 10972 | Lair:1   | Reached XP level 11. HP: 82/97 MP: 12/12
 11049 | Lair:1   | Noticed an eight-headed hydra
 11057 | Lair:1   | Killed an eight-headed hydra
 11057 | Lair:1   | Reached ***** piety under Okawaru
 11197 | Lair:1   | Received a gift from Okawaru
 11203 | Lair:1   | Got a bloodstained arbalest {god gift}
 11204 | Lair:1   | Identified the +6 arbalest of Infinite Pain {elec, Dex+4}
                  | (Okawaru gifted it to you on level 1 of the Lair of Beasts)
 11554 | Lair:1   | Reached skill level 5 in Throwing
 12440 | Lair:2   | Reached skill level 5 in Invocations
 12475 | Lair:2   | Reached skill level 10 in Armour
 12480 | Lair:2   | Reached skill level 10 in Fighting
 12480 | Lair:2   | Reached skill level 13 in Maces & Flails
 12803 | Lair:2   | Found a staircase to the Shoals.
 12858 | Lair:2   | Received a gift from Okawaru
 12936 | Lair:2   | Found a snail-covered altar of Cheibriados.
 13188 | Lair:2   | Found a runed translucent gate.
 13188 | Lair:2   | Found a runed translucent gate.
 13188 | Lair:2   | Found a runed translucent gate.
 13189 | Lair:2   | Found a staircase to the Snake Pit.
 13203 | Lair:2   | Reached XP level 12. HP: 97/106 MP: 15/15
 13436 | Lair:2   | Noticed Pebbatt's ghost (journeyman DDFi)
 14048 | Lair:3   | Found a frozen archway.
 14073 | IceCv    | Entered an ice cave
 14531 | IceCv    | Reached skill level 14 in Maces & Flails
 14815 | IceCv    | Received a gift from Okawaru
 15410 | IceCv    | Reached ****** piety under Okawaru
 15645 | IceCv    | Noticed a death yak
 15645 | IceCv    | Noticed a frost giant
 15655 | IceCv    | Killed a death yak
 15655 | IceCv    | Received a gift from Okawaru
 15662 | IceCv    | Killed a frost giant
 15669 | IceCv    | Reached XP level 13. HP: 77/116 MP: 9/17
 15685 | IceCv    | Got a pair of ichor-stained boots {god gift}
 15700 | IceCv    | Identified the +1 pair of boots of Cocytus {Str+5 Dex-2}
                  | (Okawaru gifted it to you in an ice cave)
 17266 | Lair:3   | Reached skill level 10 in Dodging
 17534 | Lair:4   | Got a steaming chain mail
 17550 | Lair:3   | Identified the +5 chain mail of Darkness {rN+ Slay+3} (You
                  | found it on level 4 of the Lair of Beasts)
 17704 | Lair:4   | Reached skill level 15 in Maces & Flails
 17799 | Lair:4   | Reached skill level 1 in Crossbows
 19045 | Lair:5   | Received a gift from Okawaru
 19262 | Lair:5   | Found a stormy altar of Qazlal.
 19373 | Lair:5   | Received a gift from Okawaru
 19469 | Lair:5   | Noticed an entropy weaver
 19469 | Lair:5   | Noticed an entropy weaver
 19513 | Lair:4   | Killed an entropy weaver
 20365 | Lair:5   | Killed an entropy weaver
 20398 | Lair:5   | Noticed Josephine
 20407 | Lair:5   | Killed Josephine
 20408 | Lair:5   | Reached XP level 14. HP: 103/126 MP: 19/19
 21017 | Lair:6   | Entered Level 6 of the Lair of Beasts
 21107 | Lair:6   | HP: 4/126 [cane toad (3)]
 21107 | Lair:6   | HP: 1/126 [yak (3)]
 21107 | Lair:6   | Slain by an eight-headed hydra

Illustrated notes

Levels and vault maps discovered:
D:1:      minmay_arrival_radiant_lines, layout_loops_ring
D:2:      layout_loops_ring, corexii_shack, uniq_terence
D:3:      layout_rooms, uniq_robin, uniq_crazy_yiuf_cottage
D:4:      layout_basic, minmay_checkerbox, uniq_eustachio, uniq_grinder
D:5:      layout_basic, lemuel_zombie_altar_kikubaaqudgha,
          minmay_temple_entry_waves
D:6:      layout_basic, nicolae_dithmenos_the_darkroom, kennysheep_little_box,
          serial_shops, shop, serial_rivers, chequers_serial_rivers_micro_c,
          chequers_serial_rivers_large_a, chequers_serial_rivers_micro_a,
          chequers_serial_rivers_micro_a, chequers_serial_rivers_small_b,
          uniq_edmund
D:7:      layout_loops_corners, nemelex_xobeh_ov_fountains_minmay,
          uniq_prince_ribbit1
D:8:      layout_basic, kennysheep_mini, overflow_temple_1_default,
          minmay_misc_feat_rows
D:9:      layout_basic, tgw_xom, dpeg_lair_monsters, hiddenorc1_lemuel
Temple:   nicolae_temple_no_exploring_needed
Lair:1:   layout_gridlike, enter_volcano_3, infiniplex_staircase_pool_2
Lair:2:   layout_loops_ring, shoals_dummy_entry, guppyfry_snake_entry_garden,
          gammafunk_ghost_icy, kennysheep_snail_temple
Lair:3:   layout_cave_pods, portal_ice_cave_entry_imps, minivault_25,
          serial_bayou_pond_c, grunt_megastairs_4
Lair:4:   layout_gridlike, lemuel_fruit_fields
Lair:5:   layout_cave_pods, basic_altar, chequers_serial_rivers_micro_e,
          minmay_another_anthill, lemuel_fruit_tree, uniq_josephine
Lair:6:   due_jungle_book, layout_long_grid, dpeg_slime_entry_enclosed_altar

Skill      XL: |  1  2  3  4  5  6  7  8  9 10 11 12 13 |
---------------+----------------------------------------+-----
Maces & Flails | 3 4 5 6 7 9 10 12 13 14 15 | 15.9
Dodging        | 1 2 3 4 5 6 7 8 9 10 | 10.7
Armour         | 4 5 6 7 8 9 10 11 12 | 12.3
Fighting       | 4 5 6 7 8 9 10 11 12 | 12.2
Throwing       | 2 4 5 7 |  7.4
Invocations    | 2 3 5 6 8 |  8.1
Crossbows      | 3 |  3.9
Shields        | |  3.6

Action                   |  1- 3 |  4- 6 |  7- 9 | 10-12 | 13-15 || total
-------------------------+-------+-------+-------+-------+-------++-------
Melee: Flail             |    78 |   194 |   459 |    97 |       ||   828
       Headbutt          |     9 |    33 |    79 |   132 |    63 ||   316
       Great mace        |       |       |       |   518 |   250 ||   768
 Fire: Arbalest          |       |       |       |       |    30 ||    30
Throw: Boomerang         |    13 |    30 |    34 |    87 |    21 ||   185
       Dart              |       |       |     6 |    10 |     6 ||    22
Invok: Heroism           |       |       |       |     3 |     1 ||     4
       Finesse           |       |       |       |     1 |       ||     1
Evoke: Wand              |       |       |     4 |    26 |       ||    30
  Use: Scroll            |       |       |    14 |     5 |    10 ||    29
       Potion            |       |       |     1 |     1 |       ||     2
Armor: Scale mail        |    21 |       |       |       |       ||    21
       Plate armour      |    26 |   220 |   231 |   378 |    28 ||   883
       Chain mail        |       |       |       |       |   185 ||   185
Dodge: Dodged            |    23 |   102 |   140 |   312 |   231 ||   808
Block: Kite shield       |       |       |     4 |       |       ||     4

Table legend: (Time is in decaauts)
 A = Elapsed time spent in this place.
 B = Non-inter-level travel time spent in this place.
 C = Inter-level travel time spent in this place.
 D = Time resting spent in this place.
 E = Time spent auto-exploring this place.
 F = Levels seen in this place.
 G = Mean time per level.
                   A        B        C        D        E       F      G
               +--------+--------+--------+--------+--------+-----+--------+
         Total |  21196 |  20687 |    509 |   4670 |  11959 |  17 | 1246.8 |
       Dungeon |  10890 |  10677 |    213 |   2665 |   5796 |   9 | 1210.0 |
        Temple |     14 |      3 |     11 |      0 |      0 |   1 |   14.0 |
          Lair |   8025 |   7740 |    285 |   1748 |   4662 |   6 | 1337.5 |
      Ice Cave |   2266 |   2266 |      0 |    257 |   1501 |   1 | 2266.0 |
               +--------+--------+--------+--------+--------+-----+--------+

Top non-repeatable levels by time:
     D:9: 2314 daAuts
   IceCv: 2266 daAuts
  Lair:4: 2032 daAuts
     D:7: 1637 daAuts
  Lair:2: 1542 daAuts
  Lair:1: 1516 daAuts
  Lair:5: 1487 daAuts
  Lair:3: 1413 daAuts
     D:2: 1319 daAuts
     D:4: 1116 daAuts
     D:3: 1095 daAuts
     D:1: 943 daAuts
     D:8: 910 daAuts
     D:5: 910 daAuts
     D:6: 643 daAuts
